 Dungeon Crawl Stone Soup version 0.30.0-19-gbf45117a57 (webtiles) character file.

Game seed: 11830976087470068069

153 qw the Chopper (level 5, -1/32 HPs)
             Began as a Gargoyle Fighter on May 23, 2023.
             Slain by an orc
             ... wielding a +0 short sword
              (2 damage)
             ... on level 3 of the Dungeon.
             The game lasted 00:01:05 (1859 turns).

qw the Chopper (Gargoyle Fighter)                   Turns: 1859, Time: 00:01:06

Health: -1/32      AC: 15    Str: 25    XL:     5   Next: 35%
Magic:  5/5        EV:  5    Int: 11    God:
Gold:   73         SH:  7    Dex:  4    Spells: 4/4 levels left

rFire   . . .        Y - +0 war axe
rCold   . . .        a - +0 kite shield of Tuer Ugg {rCorr Str+3 Int+3 Dex-5}
rNeg    + . .        g - +0 plate armour
rPois   inf          (no helmet)
rElec   +            (no cloak)
rCorr   +            (no gloves)
SInv    .            (no boots)
Will    .....        (no amulet) Stlth
                     (no ring)
HPRegen 0.25/turn    (no ring)
MPRegen 0.09/turn

%: no passive effects
@: no status effects
A: sickness immunity, AC +4, negative energy resistance 1, electricity
resistance, torment resistance 1, petrification resistance
a: no special abilities


You were on level 3 of the Dungeon.
You visited 1 branch of the dungeon, and saw 3 of its levels.

You collected 73 gold pieces.


Innate Abilities, Weirdness & Mutations

You are immune to sickness and miasma.
Your stone body is resilient. (AC +4)
You are immune to poison.
You resist negative energy. (rN+)
You are resistant to electric shocks. (rElec)
You are resistant to unholy torment.
You are immune to petrification.


   Skills:
 - Level 3.2 Fighting
 - Level 4.3 Axes
 - Level 3.2 Armour
 + Level 4.3 Shields


You had 4 spell levels left.
You didn't know any spells.
Your spell library was empty.

Inventory:

Hand Weapons
 j - a +0 mace
 Y - a +0 war axe (weapon)
Armour
 a - the +0 kite shield of Tuer Ugg (worn) {rCorr Str+3 Int+3 Dex-5}
   (You acquired it on level 2 of the Dungeon)

   Str:       It affects your strength (+3).
   Int:       It affects your intelligence (+3).
   Dex:       It affects your dexterity (-5).
   rCorr:     It protects you from acid and corrosion.
 g - a +0 plate armour (worn)
Scrolls
 h - a scroll of amnesia {unknown}
Potions
 b - a potion of attraction {unknown}
 c - a potion of brilliance {unknown}
 d - a potion of might
 e - a potion of berserk rage {unknown}
 f - a potion of haste {unknown}
 m - a potion of flight {unknown}
 o - a potion of lignification {unknown}

Dungeon Overview and Level Annotations

Branches:
Dungeon (3/15)

Altars:

Shops:
D:2 [


Message History

You hit the orc priest but do no damage.
The orc priest hits you with a +0 falchion.
The orc priest calls upon Beogh to heal the orc.
The orc's wounds heal themselves!
The orc hits you but does no damage.
You barely miss the orc priest.
The orc priest is moderately wounded.
You barely miss the orc.
The orc priest hits you but does no damage. x2
The orc priest barely misses you.
You closely miss the orc priest.
The orc priest is moderately wounded.
You barely miss the orc.
The orc priest hits you but does no damage. x2
The orc hits you but does no damage.
You completely miss the orc priest.
The orc priest is moderately wounded.
You hit the orc but do no damage. You block the orc priest's attack.
The orc closely misses you. You block the orc priest's attack.
You completely miss the orc priest.
The orc priest is moderately wounded.
You hit the orc. You block the orc priest's attack.
The orc hits you but does no damage.
The orc priest miscasts a cantrip.
The orc priest hits you but does no damage. x2
The orc hits you with a +0 club.
You slash the orc!
You kill the orc!
You hit the orc priest.
The orc priest looks encouraged for a moment.
The orc priest hits you with a +0 falchion.
You barely miss the orc priest.
The orc priest is heavily wounded.
You closely miss the orc. The orc hits you but does no damage.
The orc priest invokes the aid of Beogh against you.
Beogh smites you!
The orc priest hits you but does no damage.
The orc hits you with a +0 short sword.
You die...

#.# #.# .. ##. #.#####.#
... ... #.....#.#
...##..######.#.########
......................
(.................###
#.#+#.g..<..............
.....go#########........
.....oo@.......'........
.......#########........
....... #########
....... ....... .......
....... ....##.


You could see 2 orc priests, an orc, a hobgoblin and a goblin.

Vanquished Creatures
  A jelly (D:3)
  3 adders
  3 gnolls (D:2)
  2 worms (D:2)
  2 orcs (D:3)
  4 ball pythons
  3 endoplasms
  2 giant cockroaches
  6 goblins
  3 hobgoblins
  7 jackals (D:1)
  2 quokkas
  8 bats
  A frilled lizard (D:2)
  7 kobolds
  4 rats
58 creatures vanquished.

Notes
Turn   | Place    | Note
-------+----------+-------------------------------------------
     0 | D:1      | qw the Gargoyle Fighter began the quest for the Orb.
     0 | D:1      | Reached XP level 1. HP: 14/14 MP: 1/1
     0 | D:1      | 0 ||| qw: Version: 0.2-a-98-g5d7165a
     0 | D:1      | 0 ||| qw: Game counter: 38
     0 | D:1      | 0 ||| qw: Always use a shield: true
     0 | D:1      | 0 ||| qw: God list: Okawaru
     0 | D:1      | 0 ||| qw: Allow faded altars: false
     0 | D:1      | 0 ||| qw: Do Orc after D:15 true
     0 | D:1      | 0 ||| qw: Do second Lair branch before Depths: true
     0 | D:1      | 0 ||| qw: Lair rune preference: random
     0 | D:1      | 0 ||| qw: Plans: Normal, Zot:1-4, God:TSO, Crypt, Tomb,
                  | Pan, Slime:5, Hells, Abyss, Win
     0 | D:1      | 0 ||| PLANNING D:1-11
    50 | D:1      | Found a faded altar of an unknown god.
    70 | D:1      | 70 ||| Stepping ~*~*~tactically~*~*~ (stealth).
    71 | D:1      | 71 ||| Stepping ~*~*~tactically~*~*~ (stealth).
    80 | D:1      | Reached XP level 2. HP: 18/19 MP: 2/2
   175 | D:1      | 175 ||| Stepping ~*~*~tactically~*~*~ (stealth).
   330 | D:1      | Reached skill level 3 in Axes
   417 | D:1      | Reached XP level 3. HP: 23/23 MP: 3/3
   453 | D:1      | 453 ||| Stepping ~*~*~tactically~*~*~ (stealth).
   455 | D:1      | 455 ||| Stepping ~*~*~tactically~*~*~ (stealth).
   593 | D:1      | 593 ||| UPGRADING to +0 plate armour.
   603 | D:1      | 603 ||| DROPPING +0 scale mail.
   670 | D:2      | 670 ||| Stepping ~*~*~tactically~*~*~ (hiding).
   797 | D:2      | Reached XP level 4. HP: 12/28 MP: 4/4
   958 | D:2      | 958 ||| DROPPING +0 club.
  1009 | D:2      | 1009 ||| Stepping ~*~*~tactically~*~*~ (stealth).
  1287 | D:2      | Found Delo's Armour Boutique.
  1295 | D:2      | 1295 ||| SHOPLISTING +0 helmet (54 gold, have 51).
  1536 | D:2      | 1536 ||| DROPPING ring of wizardry.
  1537 | D:2      | 1537 ||| READING scroll labelled OZOGENUUMO.
  1537 | D:2      | Identified a scroll of acquirement
  1537 | D:2      | 1537 ||| ACQUIRING +0 kite shield of Tuer Ugg {rCorr Str+3
                  | Int+3 Dex-5}
  1537 | D:2      | Acquired the +0 kite shield of Tuer Ugg {rCorr Str+3 Int+3
                  | Dex-5}
  1539 | D:2      | 1539 ||| UPGRADING to +0 kite shield of Tuer Ugg {rCorr
                  | Str+3 Int+3 Dex-5}.
  1549 | D:2      | 1549 ||| DROPPING +0 buckler.
  1550 | D:2      | 1550 ||| READING 3 scrolls labelled RIRA KUXOY.
  1551 | D:2      | 1551 ||| READING scroll labelled ISUNOLESAUX.
  1552 | D:2      | 1552 ||| READING scroll labelled HEUSEIW HOURERPH.
  1653 | D:2      | 1653 ||| READING scroll labelled LOMEGA ADATIOM.
  1654 | D:2      | 1654 ||| DROPPING 2 scrolls of magic mapping.
  1676 | D:3      | Reached XP level 5. HP: 32/32 MP: 5/5
  1859 | D:3      | HP: 1/32 [orc priest/divine providence (14)]
  1859 | D:3      | Slain by an orc

Levels and vault maps discovered:
D:1:      dpeg_arrival_line_fractal, layout_rooms,
          shapermc_ecumenical_altar_acropolis
D:2:      layout_basic, serial_shops, shop
D:3:      layout_basic, hangedman_feature_mirror

Skill      XL: |  1  2  3  4  5 |
---------------+----------------+-----
Axes           | 2 3 4 |  4.3
Shields        | 4 |  4.3
Fighting       | |  3.2
Armour         | |  3.2

Action                     |  1- 3 |  4- 6 || total
---------------------------+-------+-------++-------
  Melee: War axe           |    96 |    92 ||   188
    Use: Scroll            |       |     5 ||     5
 Armour: Scale mail        |    31 |       ||    31
         Plate armour      |    20 |    74 ||    94
  Dodge: Dodged            |    38 |    20 ||    58
  Block: Buckler           |    17 |     7 ||    24
         Kite shield       |       |    22 ||    22

Table legend:
 A = Non-vault XP
 B = Vault XP
 C = Vault XP percentage of total XP
 D = Non-vault monster count
 E = Vault monster count
 F = Vault count percentage of total count
                 A         B        C        D         E       F
            +---------+---------+-------+---------+---------+-------
      Total |     219 |       0 |   0.0 |      58 |       0 |   0.0
            +---------+---------+-------+---------+---------+-------
        D:1 |      42 |       0 |   0.0 |      25 |       0 |   0.0
        D:2 |      95 |       0 |   0.0 |      24 |       0 |   0.0
        D:3 |      82 |       0 |   0.0 |       9 |       0 |   0.0
            +---------+---------+-------+---------+---------+-------
